Map: Jagannatha LE

Players

BangDingOw

  • Race: Zerg Zerg
  • League: Diamond

TerranYOUup - Winner!

  • Race: Terran Terran
  • League: Diamond

VOD

Have the link to the VOD?

Description

Time

  • Played on: July 10, 2021, 1:11 p.m.
  • Length: 25:14
Show
View Real Time Build Order
Export as new Build Order

BangDingOw Zerg 

Build Orders: Hatch First, Lurkers 

Get SALT Encoding   

  12  0:00  Drone  
  13  0:12  Overlord  
  13  0:16  Drone  
  14  0:31  Drone x2  
  16  0:39  Drone  
  17  0:51  Hatchery  
  17  0:54  Drone  
  17  0:57  Drone  
  18  1:09  Extractor  
  17  1:13  Spawning Pool  
  17  1:16  Drone  
  17  1:23  Drone  
  18  1:28  Drone  
  19  1:40  Overlord  
  19  2:00  Queen  
  21  2:03  Queen  
  21  2:05  Drone, Zergling x4  
  26  2:18  Drone x2  
  26  2:19  Metabolic Boost  
  28  2:58  Drone  
  28  2:59  Drone x5  
  34  3:12  Queen  
  34  3:18  Drone, Roach Warren, Overlord x2  
  36  3:28  Hatchery  
  36  3:30  Drone  
  36  3:53  Drone  
  36  3:54  Drone x6  
  36  3:55  Drone x5  
  48  3:56  Evolution Chamber  
  47  4:09  Hatchery  
  46  4:16  Extractor  
  46  4:17  Queen  
  47  4:26  Overlord x2  
  47  4:27  Drone x2  
  47  4:31  Queen  
  49  4:32  Overlord  
  51  4:43  Overlord  
  51  4:48  Zerg Ground Armor Level 1, Baneling Nest  
  51  4:51  Drone x4  
  51  4:52  Drone  
  55  4:53  Drone x2  
  55  4:54  Evolution Chamber  
  56  5:03  Roach x2  
  56  5:04  Roach x3  
  65  5:18  Zergling x12  
  71  5:34  Baneling, Zergling x6  
  74  5:40  Ravager x2  
  74  5:42  Overlord x2  
  76  5:45  Extractor  
  75  5:53  Baneling  
  75  5:56  Zergling x10  
  78  6:10  Ravager  
  78  6:11  Zergling x6, Ravager  
  80  6:12  Baneling x2  
  83  6:20  Zergling x14  
  83  6:21  Zergling x10  
  81  6:39  Drone  
  80  6:40  Drone x9  
  89  6:48  Lair  
  89  6:49  Zerg Melee Weapons Level 1  
  89  6:52  Extractor  
  88  6:54  Hatchery  
  88  6:58  Extractor  
  86  7:08  Baneling x2  
  86  7:10  Drone x8  
  86  7:11  Drone x3  
  97  7:36  Extractor  
  94  7:47  Zerg Ground Armor Level 2  
  93  7:52  Centrifical Hooks  
  93  7:57  Infestation Pit  
  93  7:58  Roach x2  
  96  8:01  Drone x2  
  96  8:02  Drone x6  
  96  8:03  Overlord x5  
  104  8:14  Zergling x4  
  104  8:15  Zergling x8  
  104  8:16  Overlord x4  
  110  8:20  Hatchery  
  110  8:24  Hydralisk Den  
  110  8:25  Ravager  
  110  8:26  Ravager  
  110  8:42  Burrow  
  110  8:47  Hive  
  110  8:49  Drone x6, Extractor x2  
  110  8:50  Drone x4, Zergling x2  
  110  8:51  Zergling x18  
  110  8:55  Baneling x3  
  128  9:15  Overseer  
  128  9:18  Spire  
  127  9:40  Muscular Augments  
  127  9:43  Lurker Den  
  126  9:53  Pneumatized Carapace, Zergling x4  
  126  9:54  Drone, Zergling x16  
  126  9:55  Drone x14  
  126  9:56  Drone x4  
  126  9:57  Drone  
  126  9:59  Adrenal Glands  
  155  10:00  Zerg Melee Weapons Level 2  
  155  10:28  Baneling  
  155  10:29  Baneling x12  
  155  10:31  Zergling x16  
  155  10:32  Zergling x20  
  166  10:52  Grooved Spines  
  166  10:58  Extractor  
  166  10:59  Extractor  
  166  11:01  Baneling x4  
  166  11:02  Baneling x5  
  166  11:04  Zerg Ground Armor Level 3  
  164  11:06  Seismic Spines  
  164  11:09  Hatchery  
  163  11:21  Hatchery  
  163  11:23  Extractor x2  
  160  11:30  Greater Spire  
  160  11:31  Pathogen Glands  
  160  11:40  Overseer x2  
  160  11:46  Hydralisk  
  160  11:47  Hydralisk x7  
  160  11:48  Hydralisk  
  160  11:49  Overlord x7  
  160  11:50  Overlord x2  
  178  12:03  Adaptive Talons  
  178  12:08  Corruptor x3  
  182  12:17  Viper  
  185  12:25  Lurker  
  186  12:30  Baneling x7  
  186  12:31  Baneling  
  116  12:55  Hydralisk  
  116  12:56  Hydralisk x8  
  116  12:57  Overlord  
  116  12:58  Zergling x22  
  119  12:59  Zergling x10  
  126  13:15  Zergling x2  
  126  13:16  Zergling x12  
  126  13:17  Baneling  
  126  13:18  Baneling x7, Hydralisk x2  
  133  13:25  Lurker  
  133  13:26  Lurker  
  135  13:30  Zergling x4  
  135  13:31  Zergling x10  
  137  13:34  Zerg Melee Weapons Level 3  
  132  13:46  Lurker x3  
  123  13:57  Hydralisk x2  
  123  14:00  Lurker  
  128  14:04  Hatchery  
  128  14:08  Viper  
  130  14:11  Zergling x12  
  130  14:12  Zergling x14  
  129  14:31  Extractor  
  129  14:32  Extractor  
  129  14:36  Hatchery  
  129  14:38  Drone x10  
  130  14:57  Zerg Missile Weapons Level 1  
  130  15:05  Hatchery, Extractor  
  130  15:06  Extractor  
  127  15:07  Overseer x2  
  127  15:11  Baneling  
  127  15:21  Hydralisk x2  
  127  15:22  Hydralisk x5  
  127  15:24  Baneling x3  
  127  15:25  Baneling x7  
  127  15:26  Baneling x4  
  127  15:27  Lurker  
  127  15:28  Lurker x5  
  147  15:31  Hydralisk x2  
  147  15:32  Hydralisk  
  153  15:44  Neural Parasite  
  122  16:02  Hydralisk  
  122  16:03  Hydralisk x7  
  122  16:04  Hydralisk  
  128  16:07  Queen x2  
  128  16:08  Queen  
  138  16:12  Drone x2  
  140  16:19  Drone  
  140  16:20  Drone x15  
  140  16:23  Queen x2  
  160  16:34  Hydralisk x4  
  160  16:38  Extractor  
  167  16:42  Drone  
  167  16:43  Drone x4, Hydralisk x3  
  167  16:44  Infestor x3  
  184  16:51  Viper  
  187  17:04  Spore Crawler  
  187  17:06  Spore Crawler  
  187  17:07  Zerg Missile Weapons Level 2  
  185  17:16  Viper x2  
  185  17:21  Lurker  
  160  17:45  Hydralisk x2  
  92  18:32  Viper x3  
  92  18:33  Viper  
  103  18:35  Drone  
  103  18:36  Drone x4  
  103  18:37  Hydralisk x2  
  103  18:38  Hydralisk x11  
  134  18:47  Hydralisk  
  134  18:48  Hydralisk x2  
  138  18:52  Spine Crawler  
  139  18:56  Spore Crawler  
  139  19:00  Drone x3  
  139  19:01  Drone x5  
  145  19:05  Hydralisk x3  
  129  19:41  Drone  
  129  19:42  Drone x20  
  150  19:54  Drone x3  
  150  19:55  Drone x2  
  155  20:02  Hatchery, Lurker x5  
  159  20:18  Zerg Flyer Weapons Level 1  
  159  20:19  Extractor  
  159  20:20  Extractor  
  157  20:22  Hatchery  
  111  21:01  Hydralisk x5  
  111  21:02  Hydralisk x8  
  111  21:03  Hydralisk x3  
  136  21:21  Hydralisk x7  
  141  21:53  Hatchery  
  140  22:02  Hydralisk x7  
  140  22:03  Hydralisk x7  
  140  22:04  Hydralisk  
  137  22:31  Drone, Viper  
  141  22:40  Corruptor x5  
  141  22:41  Corruptor x3  
  149  22:45  Extractor  
  149  22:46  Extractor  
  139  22:51  Zergling x10  
  139  22:52  Zergling x10  
  134  23:08  Viper x2  
  125  23:21  Mutalisk x4  
  127  23:31  Zergling x2  
  127  23:32  Zergling x10  
  88  23:54  Zergling x10  
  83  24:01  Hatchery  
  80  24:10  Drone x5  
  80  24:11  Drone x2  
Show
View Real Time Build Order
Export as new Build Order

TerranYOUup Terran - Winner!

Build Orders: 2 Factory, Command Center First (CC), Mech 

Get SALT Encoding   

  12  0:00  SCV  
  13  0:13  SCV  
  14  0:17  Supply Depot  
  14  0:25  SCV  
  15  0:39  SCV  
  16  0:51  SCV  
  17  1:01  Command Center  
  17  1:03  SCV  
  18  1:14  Barracks  
  18  1:17  SCV  
  19  1:28  Barracks  
  19  1:31  SCV  
  20  1:43  SCV  
  20  1:45  Refinery  
  21  1:55  SCV  
  21  1:57  Refinery  
  21  2:01  Marine  
  23  2:04  Bunker  
  23  2:13  Orbital Command  
  23  2:19  Orbital Command  
  23  2:36  Factory  
  23  2:42  SCV  
  24  2:45  SCV  
  25  2:54  SCV  
  25  2:56  Factory  
  26  3:00  SCV  
  26  3:04  Refinery  
  27  3:10  SCV  
  27  3:12  SCV  
  28  3:15  Barracks Reactor  
  28  3:22  Factory Tech Lab  
  28  3:23  Barracks Reactor  
  28  3:24  SCV  
  29  3:30  Supply Depot x2  
  30  3:34  SCV  
  30  3:36  SCV  
  31  3:41  Siege Tank  
  31  3:42  Factory Tech Lab  
  31  3:46  SCV  
  35  3:48  SCV  
  35  3:54  Supply Depot x2  
  35  3:55  Marine x2  
  38  3:58  SCV  
  38  4:01  Siege Tank, SCV  
  43  4:06  Marine x2  
  45  4:12  Marine, SCV  
  45  4:13  Marine, SCV  
  49  4:21  Supply Depot  
  49  4:23  Supply Depot  
  49  4:26  Marine x2  
  49  4:29  Siege Tank  
  49  4:30  Marine x2  
  56  4:37  SCV x2  
  58  4:44  Supply Depot  
  58  4:48  Marine x4  
  58  4:50  SCV x2, Supply Depot  
  64  5:00  Siege Tank  
  64  5:01  Siege Tank  
  64  5:02  SCV x2  
  72  5:15  Marine x2  
  72  5:16  Marine x2  
  72  5:20  Command Center  
  76  5:27  SCV x2  
  77  5:32  Siege Tank  
  77  5:33  Siege Tank  
  77  5:34  Marine x2  
  85  5:36  Marine  
  85  5:37  Marine  
  86  5:52  Marine x2  
  86  5:53  SCV x2  
  86  5:54  Marine x2  
  91  6:04  Siege Tank  
  91  6:05  Siege Tank  
  91  6:06  Refinery  
  96  6:13  SCV x2  
  96  6:16  Armory  
  96  6:17  Armory  
  64  6:40  Marine, Siege Tank x2  
  64  6:41  Marine x3  
  64  6:44  SCV  
  75  6:56  SCV x2  
  75  6:58  Marine x2  
  75  6:59  Marine x2  
  81  7:07  Orbital Command  
  82  7:08  SCV  
  82  7:09  SCV  
  82  7:10  Refinery  
  82  7:13  Siege Tank  
  82  7:14  Siege Tank, Refinery  
  89  7:16  Marine x3  
  92  7:26  Marine  
  92  7:29  Terran Vehicle And Ship Armor Level 1, Terran Vehicle Weapons Level 1  
  93  7:31  SCV x2  
  93  7:34  Marine x3  
  98  7:40  Factory  
  98  7:47  Factory  
  98  7:48  SCV x2  
  98  7:49  SCV  
  98  7:50  Command Center  
  101  7:57  Siege Tank x2  
  107  8:00  SCV  
  107  8:01  SCV x2  
  107  8:03  Marine x3  
  107  8:04  Marine  
  114  8:12  SCV  
  114  8:13  SCV x2  
  114  8:16  Factory  
  114  8:17  Factory  
  117  8:22  Engineering Bay  
  117  8:26  Supply Depot  
  117  8:27  Supply Depot x2  
  117  8:29  Supply Depot  
  117  8:31  Supply Depot  
  117  8:37  Factory Tech Lab, Factory Reactor  
  117  8:47  SCV x3  
  120  8:52  Siege Tank x2  
  120  8:53  Infernal Pre-Igniter  
  126  9:00  SCV x3  
  126  9:01  Missile Turret  
  129  9:08  Sensor Tower  
  129  9:11  Factory Reactor  
  129  9:12  Factory Reactor  
  129  9:14  Siege Tank  
  132  9:19  Supply Depot  
  132  9:20  Supply Depot  
  132  9:21  Supply Depot  
  132  9:22  Supply Depot  
  135  9:24  Siege Tank  
  135  9:38  Starport  
  135  9:41  Terran Vehicle And Ship Armor Level 2, Terran Vehicle Weapons Level 2  
  135  9:43  Starport  
  135  9:51  Refinery  
  135  9:53  Missile Turret x2, Refinery, Planetary Fortress  
  135  10:10  Hellion x6  
  135  10:11  Thor x2  
  159  10:30  Viking x2  
  159  10:31  Viking x2  
  165  10:39  SCV x4  
  156  10:44  Missile Turret  
  156  10:45  Missile Turret  
  156  10:48  Missile Turret  
  149  10:50  Missile Turret  
  149  10:51  Missile Turret  
  148  10:58  Command Center  
  148  11:03  SCV x4  
  152  11:06  Command Center  
  152  11:13  Thor x3  
  152  11:14  Hellion  
  152  11:15  Hellion x5  
  152  11:17  Viking x2  
  152  11:18  Viking  
  188  11:36  Hellion  
  188  11:37  Hellion x5  
  200  11:40  Smart Servos  
  200  11:42  Mag-Field Accelerator  
  200  11:45  Drilling Claws  
  158  12:45  Siege Tank x3  
  158  12:46  Hellion x3  
  158  12:47  Hellion x3  
  149  13:02  Viking x4  
  157  13:08  Hellion x6  
  157  13:11  Orbital Command  
  169  13:17  Siege Tank x3  
  178  13:23  Missile Turret  
  178  13:25  Missile Turret  
  178  13:27  Missile Turret  
  178  13:36  Viking x3  
  178  13:37  Viking  
  178  13:39  Hellion x2  
  178  13:40  Hellion x4  
  198  13:42  Terran Vehicle And Ship Armor Level 3, Terran Vehicle Weapons Level 3  
  196  14:09  Siege Tank  
  199  14:15  Planetary Fortress  
  199  14:24  Command Center  
  177  14:38  Missile Turret  
  163  14:40  Missile Turret  
  163  14:45  Missile Turret  
  163  14:46  Hellion x6  
  163  14:47  Thor x3  
  163  14:48  Viking x3  
  159  16:10  Siege Tank x3  
  168  16:11  Hellion x4  
  168  16:12  Hellion x2, Liberator x4  
  168  16:18  Command Center  
  192  16:33  Hellion x6  
  192  16:34  Command Center  
  198  16:52  Missile Turret  
  198  16:54  Missile Turret  
  198  16:55  Missile Turret  
  183  17:39  Hellion x6  
  183  17:40  Siege Tank  
  183  17:41  Liberator  
  175  18:52  Liberator x4  
  175  18:53  Siege Tank x3  
  175  18:54  Hellion x2  
  153  19:39  Viking x3  
  153  19:40  Siege Tank x3  
  153  19:41  Hellion x5  
  153  19:42  Hellion  
  171  19:47  Planetary Fortress  
  171  19:52  Refinery  
  171  20:11  Hellion x2  
  171  20:12  Siege Tank x3, Hellion x4  
  192  20:26  Barracks  
  190  20:29  Refinery x2  
  149  20:54  Liberator  
  149  20:55  Siege Tank x2, Liberator x3  
  149  20:56  Siege Tank, Hellion x3  
  149  20:57  Hellion x3  
  171  21:18  Hellion x6  
  177  21:28  Siege Tank x3  
  186  21:37  Liberator x2  
  186  21:38  Liberator x2  
  186  21:39  Hellion  
  200  21:40  Hellion  
  196  22:00  Siege Tank  
  199  22:06  Planetary Fortress  
  199  22:11  Refinery  
  199  22:20  Refinery  
  199  22:21  Refinery  
  173  22:42  Siege Tank x2  
  173  22:43  Siege Tank, Hellion x3  
  173  22:44  Hellion x3  
  192  22:46  Liberator x3  
  174  23:12  Orbital Command  
  168  23:29  Siege Tank x3  
  168  23:30  Hellion x4  
  168  23:31  Hellion x2  
  180  23:34  Viking x2  
  180  23:35  Viking x2  
  146  24:05  Siege Tank x3  
  146  24:06  Hellion x5, Viking  
  146  24:07  Hellion, Viking x3  
  175  24:37  Siege Tank x3, Hellion x4  
  192  24:41  Viking x4  
Tags
 
Add a new tag
Caveats
  • Supply blocks, unpowered buildings, or Contaminate may cause inaccurate times.
  • Supply counts are checked every 10 seconds.